 Dungeon Crawl Stone Soup version 0.20-a0-455-gc3b7d50 (webtiles) character file.

35 M4edhros the Grave Robber (level 3, -3/21 HPs)
             Began as an Octopode Necromancer on Jan 9, 2017.
             Slain by Blork the orc
             ... wielding a +0 trident
              (7 damage)
             ... on level 4 of the Dungeon.
             The game lasted 00:03:20 (567 turns).

M4edhros the Grave Robber (Octopode Necromancer)     Turns: 567, Time: 00:03:21

Health: -3/21      AC:  1    Str:  7    XL:     3   Next: 33%
Magic:  1/6        EV: 13    Int: 17    God:
Gold:   60         SH:  0    Dex: 13    Spells: 1/6 levels left

rFire  . . .     SeeInvis .       - Unarmed
rCold  . . .     Gourm    .     (no shield)
rNeg   . . .     Faith    .     (helmet restricted)
rPois  .         Spirit   .     (no amulet)
rElec  .         Reflect  .     (no ring)
rCorr  .         Harm     .     (no ring)
MR     .....                    (no ring)
Stlth  +++.......               (no ring)
                                (no ring)
                                (no ring)
                                (no ring)
                                (no ring)

@: no status effects
A: almost no armour, stealthy swim, amphibious, 8 rings, constrict 8, camouflage
1, gelatinous body 1
a: no special abilities


You were on level 4 of the Dungeon.
You were not hungry.

You visited 1 branch of the dungeon, and saw 4 of its levels.

You collected 60 gold pieces.

Inventory:

Scrolls
 c - 2 scrolls of identify {unknown}
 d - 2 scrolls of remove curse {unknown}
 g - a scroll of enchant weapon {unknown}
 h - a scroll of fog {unknown}
Books
 a - a book of Necromancy

   Spells                             Type                      Level
   a - Pain                           Necromancy                   1
   b - Animate Skeleton               Necromancy                   1
   c - Vampiric Draining              Necromancy                   3
   d - Regeneration                   Charms/Necromancy            3
   e - Animate Dead                   Necromancy                   4
   f - Control Undead                 Necromancy                   4
Comestibles
 b - 2 bread rations


   Skills:
 - Level 2.0 Dodging
 - Level 2.6 Stealth
 + Level 2.8 Unarmed Combat
 - Level 2.0 Spellcasting
 - Level 4.0 Necromancy


You had one spell level left.
You knew the following spells:

 Your Spells              Type           Power        Failure   Level  Hunger
a - Pain                  Necr           ###.         3%          1    #......
b - Animate Skeleton      Necr           N/A          3%          1    #......
c - Regeneration          Chrm/Necr      #.........   24%         3    ###....


Dungeon Overview and Level Annotations

Branches:
Dungeon (4/15)
 Temple: D:4-7

Altars:

Annotations:
D:4 exclusion: orc priest, Blork the orc


Innate Abilities, Weirdness & Mutations

You cannot wear most types of armour.
You are very stealthy in the water. (Stealth+)
You are amphibious.
You can wear up to eight rings at the same time.
You can use your tentacles to constrict eight enemies at once.
Your skin changes colour to match your surroundings (Stealth+).
Your rubbery body absorbs attacks. (AC +1, EV +1)


Message History

Blork the orc is lightly wounded.
You constrict Blork the orc.
Blork the orc screams, "Die!"
Blork the orc misses you.
You tentacle-slap Blork the orc but do no damage.
Blork the orc is lightly wounded.
You constrict Blork the orc, but do no damage.
Blork the orc hits you with a trident!
You tentacle-slap Blork the orc.
Blork the orc is moderately wounded.
You constrict Blork the orc, but do no damage.
You tentacle-slap Blork the orc.
Blork the orc is moderately wounded.
You constrict Blork the orc, but do no damage.
Blork the orc hits you with a trident!
* * * LOW HITPOINT WARNING * * *
You tentacle-slap Blork the orc.
Blork the orc is heavily wounded.
You constrict Blork the orc. Blork the orc hits you with a trident!
You die...

### ..# #.# . #.# ### . #.# #.. #
#o# #.# # ####@### #.# # #....[.#
#.# #############.##...# #.#
...>..........####.#####.######.#
.############## #.....<..>.....#
## #.#####.######## #
##.#####.####### #
########.(.............
##########.........#####.#######


You could see Blork the orc.

Vanquished Creatures
  2 adders
  An orc (D:3)
  A goblin (D:1)
  2 hobgoblins
  3 jackals (D:3)
  A bat (D:2)
  4 kobolds
  3 rats
17 creatures vanquished.

Vanquished Creatures (collateral kills)
  A ball python (D:3)
1 creature vanquished.

Grand Total: 18 creatures vanquished

Notes
Turn   | Place    | Note
-------+----------+-------------------------------------------
     0 | D:1      | M4edhros the Octopode Necromancer began the quest for the Orb.
     0 | D:1      | Reached XP level 1. HP: 11/11 MP: 3/3
    83 | D:2      | Reached skill level 1 in Unarmed Combat
    83 | D:2      | Reached XP level 2. HP: 8/17 MP: 0/5
   245 | D:3      | Learned a level 1 spell: Animate Skeleton
   392 | D:3      | Reached XP level 3. HP: 3/21 MP: 2/6
   408 | D:3      | Learned a level 3 spell: Regeneration
   559 | D:4      | Noticed Blork the orc
   567 | D:4      | Slain by Blork the orc

Vault maps used:
D:1:      mushboom_english_gardens
D:2:      nicolae_gozag_zags_fifth_avenue,
          chequers_temple_overflow_statue_of_worship, first_bread,
          grunt_ashenzari_visionary
D:3:      nicolae_dithmenos_shadow_blocks, uniq_iyjb, uniq_terence
D:4:      uniq_robin, uniq_blork_the_orc

Skill      XL: |  1  2 |
---------------+-------+-----
Unarmed Combat | 1 2 |  2.8
Dodging        | |  2.0
Stealth        | |  2.6
Spellcasting   | |  2.0
Necromancy     | |  4.0

Action                   || total
-------------------------++-------
Melee: Unarmed           ||    28
       Constrict         ||     6
 Cast: Pain              ||    22
       Animate Skeleton  ||     2
       Regeneration      ||     4
  Use: Potion            ||     2
 Stab: Sleeping          ||     2
Dodge: Dodged            ||    18
